 Dungeon Crawl Stone Soup version 0.28-a0-1622-gc30f734a66 (webtiles) character file.

Game seed: 17215780231282646090

39 Lekart the Skirmisher (level 3, -5/33 HPs)
             Began as a Draconian Chaos Knight on Jan 23, 2022.
             Was a Plaything of Xom.
             Slain by an orc (11 damage)
             ... on level 2 of the Dungeon.
             The game lasted 00:01:26 (1130 turns).

Lekart the Skirmisher (Draconian Chaos Knight)      Turns: 1130, Time: 00:01:27

Health: -5/33      AC:  5    Str: 14    XL:     3   Next: 26%
Magic:  4/4        EV: 12    Int: 12    God:    Xom [*.....]
Gold:   68         SH:  0    Dex: 12    Spells: 4/4 levels left

rFire   . . .      SeeInvis .   a - +0 short sword (chaos)
rCold   . . .      Faith    .   (no shield)
rNeg    . . .      Spirit   .   (armour unavailable)
rPois   .          Reflect  .   (helmet restricted)
rElec   .          Harm     .   (no cloak)
rCorr   .          Rampage  .   (no gloves)
Will    .....                   (no boots)
Stlth   +.........              (no amulet)
HPRegen 0.11/turn               (no ring)
MPRegen 0.09/turn               (no ring)

@: no status effects
A: AC +5, unfitting armour, cold-blooded
a: Renounce Religion


You were on level 2 of the Dungeon.
You worshipped Xom.
You were a special plaything of Xom.
You visited 1 branch of the dungeon, and saw 2 of its levels.

You collected 68 gold pieces.

Inventory:

Hand Weapons
 a - a +0 short sword of chaos (weapon)
Scrolls
 c - a scroll of enchant armour
 d - a scroll of teleportation


   Skills:
 + Level 3.8 Fighting
 + Level 3.5 Short Blades
 + Level 2.4 Dodging
 * Level 1.0 Spellcasting


You had 4 spell levels left.
You didn't know any spells.
Your spell library was empty.

Dungeon Overview and Level Annotations

Branches:
Dungeon (2/15)

Altars:


Innate Abilities, Weirdness & Mutations

Your plain brown scales are hard. (AC +5)
You cannot fit into any form of body armour.
You are cold-blooded and may be slowed by cold attacks.


Message History

You hit the orc.
The orc resists with significant effort.
You tail-slap the orc, but do no damage.
The orc is heavily wounded.
The orc hits you with a +0 short sword.
You barely miss the orc.
Your tail-slap misses the orc.
The orc is heavily wounded.
The orc hits you with a +0 short sword.
You barely miss the orc.
The orc is heavily wounded.
The orc hits you with a +0 short sword.
You barely miss the orc.
The orc is heavily wounded.
The orc hits you with a +0 short sword.
You are too injured to fight recklessly!
You are too injured to fight recklessly!
You hit the orc but do no damage. You drain the orc.
Your tail-slap misses the orc.
The orc is severely wounded.
The orc hits you with a +0 short sword.
You hit the orc. You burn the orc.
You kill the orc!
Your Spellcasting skill increases to level 1!
You closely miss the orc. The orc hits you with a +0 flail.
You closely miss the orc. You tail-slap the orc.
The orc is severely wounded.
The orc barely misses you.
You hit the orc. You burn the orc.
Your tail-slap misses the orc.
The orc is almost dead.
The orc hits you with a +0 flail.
* * * LOW HITPOINT WARNING * * *
You hit the orc but do no damage.
Your tail-slap misses the orc.
The orc is almost dead.
The orc hits you with a +0 flail.
* * * LOW HITPOINT WARNING * * *
You hit the orc but do no damage.
The orc goes berserk!
Xom thinks this is hilarious!
The orc is severely wounded.
The orc hits you with a +0 flail!
You die...

##. .... ....##
.....##############
...................
##.........########
...........##########.#
#.........'....@oB...#
##.........##########.#
.....#+#####
.....#.#######
..............
######.##.....
..............
#.#........###
...<..........


You could see an orc (berserk) and a giant cockroach.

Vanquished Creatures
  A dart slug (D:1)
  2 orcs (D:2)
  2 ball pythons (D:1)
  A bat (D:2)
  2 endoplasms (D:1)
  4 giant cockroaches (D:1)
  2 goblins (D:1)
  3 hobgoblins
  5 jackals (D:1)
  2 kobolds (D:1)
  A quokka (D:1)
  2 frilled lizards (D:1)
  2 rats
29 creatures vanquished.

Notes
Turn   | Place    | Note
-------+----------+-------------------------------------------
     0 | D:1      | Lekart the Draconian Chaos Knight began the quest for the
                  | Orb.
     0 | D:1      | Reached XP level 1. HP: 19/19 MP: 1/1
    62 | D:1      | XOM: silly message
   279 | D:1      | Reached XP level 2. HP: 26/26 MP: 2/2
   381 | D:1      | XOM: silly message
   782 | D:1      | XOM: god gift: 55 gold pieces
  1043 | D:1      | Reached XP level 3. HP: 33/33 MP: 4/4
  1106 | D:2      | XOM: chaos upgrade
  1126 | D:2      | Reached skill level 1 in Spellcasting
  1130 | D:2      | Slain by an orc

Illustrated notes

Levels and vault maps discovered:
D:1:      dpeg_arrival_rooms_a, layout_basic
D:2:      layout_basic

Skill      XL: |  1  2  3 |
---------------+----------+-----
Spellcasting   | 1 |  1.0
Fighting       | |  3.8
Short Blades   | |  3.5
Dodging        | |  2.4

Action                   || total
-------------------------++-------
Melee: Short sword       ||   107
       Tailslap          ||    10
  Use: Scroll            ||     2
 Stab: Sleeping          ||     2
       Paralysed         ||     1
Armor: Skin              ||    26
Dodge: Dodged            ||    66

Table legend: (Time is in decaauts)
 A = Elapsed time spent in this place.
 B = Non-inter-level travel time spent in this place.
 C = Inter-level travel time spent in this place.
 D = Time resting spent in this place.
 E = Time spent auto-exploring this place.
 F = Levels seen in this place.
 G = Mean time per level.
                   A        B        C        D        E       F      G
               +--------+--------+--------+--------+--------+-----+--------+
         Total |   1126 |   1104 |     22 |      0 |    921 |   2 |  563.0 |
       Dungeon |   1126 |   1104 |     22 |      0 |    921 |   2 |  563.0 |
               +--------+--------+--------+--------+--------+-----+--------+

Top non-repeatable levels by time:
     D:1: 1047 daAuts
     D:2: 78 daAuts
